 Dungeon Crawl Stone Soup version 0.31-a0-819-gf6de2f5ab6 (webtiles) character file.

Game seed: 8476972299519119624

48 qw the Shooter (level 3, 0/22 HPs)
             Began as a Gargoyle Hunter on Sept 23, 2023.
             Slain by a river rat (6 damage)
             ... on level 3 of the Dungeon.
             The game lasted 00:00:25 (1121 turns).

qw the Shooter (Gargoyle Hunter)                    Turns: 1121, Time: 00:00:26

Health: 0/22       AC:  8    Str: 20    XL:     3   Next: 72%
Magic:  3/3        EV: 11    Int:  9    God:
Gold:   70         SH:  0    Dex: 15    Spells: 2/2 levels left

rFire   . . .        Y - +0 shortbow
rCold   . . .        (shield currently unavailable)
rNeg    + . .        h - +0 ring mail
rPois   inf          (no helmet)
rElec   +            (no cloak)
rCorr   .            (no gloves)
SInv    .            (no boots)
Will    .....        (no amulet)
Stlth   +            j - +6 ring of strength
HPRegen 0.23/turn    (no ring)
MPRegen 0.08/turn

%: no passive effects
@: no status effects
A: sickness immunity, AC +3, negative energy resistance 1, electricity
resistance, torment resistance 1, petrification resistance
a: no special abilities


You were on level 3 of the Dungeon.
You visited 1 branch of the dungeon, and saw 3 of its levels.

You collected 70 gold pieces.


Innate Abilities, Weirdness & Mutations

You are immune to sickness and miasma.
Your stone body is resilient. (AC +3)
You are immune to poison.
You resist negative energy. (rN+)
You are resistant to electric shocks. (rElec)
You are resistant to unholy torment.
You are immune to petrification.


   Skills:
 + Level 2.3 Fighting
 - Level 5.1 Ranged Weapons
 - Level 1.1 Armour
 - Level 1.5 Dodging
 - Level 1.1 Stealth


You had 2 spell levels left.
You didn't know any spells.
Your spell library was empty.

Inventory:

Hand Weapons
 Y - a +0 shortbow (weapon)
Armour
 b - a +1 pair of gloves
 h - a +0 ring mail (worn)
Jewellery
 j - a +6 ring of strength (left hand)
Scrolls
 a - a scroll of teleportation {unknown}
 d - a scroll of silence {unknown}
 i - a scroll of identify
Potions
 c - a potion of haste {unknown}
 e - a potion of heal wounds {unknown}
 f - a potion of lignification {unknown}

Dungeon Overview and Level Annotations

Branches:
Dungeon (3/15)

Altars:


Message History

The quokka splashes around in the water.
You shoot an arrow. The arrow misses the quokka.
The quokka bites you but does no damage.
You shoot an arrow. The arrow closely misses the quokka.
You hear the slow rusting of a drain very nearby.
The quokka bites you but does no damage.
The quokka closely misses you.
You shoot an arrow. The arrow hits the quokka.
You kill the quokka!
The river rat bites you but does no damage.
You shoot an arrow. The arrow closely misses the river rat.
The river rat bites you but does no damage.
You shoot an arrow. The arrow barely misses the river rat.
The river rat bites you but does no damage.
You shoot an arrow.
The arrow hits the river rat but does no damage.
The river rat misses you.
The river rat bites you but does no damage.
You shoot an arrow. The arrow hits the river rat.
The river rat is moderately wounded.
The river rat bites you.
You shoot an arrow. The arrow closely misses the river rat.
The river rat barely misses you.
You shoot an arrow. The arrow barely misses the river rat.
The river rat bites you!
You shoot an arrow.
The arrow hits the river rat but does no damage.
The river rat is moderately wounded.
The river rat bites you but does no damage.
You shoot an arrow. The arrow closely misses the river rat.
The river rat closely misses you. The river rat barely misses you.
You shoot an arrow. The arrow barely misses the river rat.
The river rat bites you.
You shoot an arrow. The arrow hits the river rat.
The river rat is moderately wounded.
The river rat barely misses you.
You shoot an arrow. The arrow hits the river rat.
The river rat is heavily wounded.
The river rat bites you.
You die...

.#........##.#
.......<.....###
.###............ .#
#.###).#####. ####.# #.#
#.># #.
#####....###.###..# #.
..................# #.
#..## #.###.## #.
##@.###.###.# #.
+~~~~~r#......##.# #.
+~~~~~B#.###..##.######.
###~~##+..##.........)..
####..<........#######
....####.#### #.#.# #.#
#.#.# #.# #.#.# #.#


You could see a river rat and a giant cockroach.

Vanquished Creatures
  2 adders (D:2)
  An endoplasm (D:1)
  3 giant cockroaches
  A hobgoblin (D:1)
  7 quokkas
  2 ball pythons (D:1)
  2 bats
  2 frilled lizards (D:1)
  3 goblins (D:1)
  3 kobolds
  5 rats (D:1)
31 creatures vanquished.

Notes
Turn   | Place    | Note
-------+----------+-------------------------------------------
     0 | D:1      | qw the Gargoyle Hunter began the quest for the Orb.
     0 | D:1      | Reached XP level 1. HP: 12/12 MP: 1/1
     0 | D:1      | 0 ||| qw: Version: 0.3-a-83-gcd0e7d8
     0 | D:1      | 0 ||| qw: Game counter: 1728
     0 | D:1      | 0 ||| qw: Melee chars always use a shield: true
     0 | D:1      | 0 ||| qw: God list: Okawaru
     0 | D:1      | 0 ||| qw: Allow faded altars: false
     0 | D:1      | 0 ||| qw: Do Orc after clearing Dungeon:15 true
     0 | D:1      | 0 ||| qw: Do second Lair branch before Depths: true
     0 | D:1      | 0 ||| qw: Lair rune preference: random
     0 | D:1      | 0 ||| qw: Goals: Normal
     0 | D:1      | 0 ||| PLANNING D:1-11
   190 | D:1      | Reached XP level 2. HP: 17/17 MP: 2/2
   756 | D:1      | 756 ||| UPGRADING to +0 ring mail.
   766 | D:1      | 766 ||| DROPPING +0 leather armour.
   767 | D:1      | 767 ||| UPGRADING to +6 ring of strength.
   768 | D:1      | 768 ||| READING scroll labelled GYAPHU HEDIEG.
   769 | D:1      | 769 ||| READING scroll labelled SYQIULIOBB.
   770 | D:1      | 770 ||| READING 2 scrolls labelled KOCETS KULI.
   771 | D:1      | 771 ||| DROPPING scroll of butterflies.
   804 | D:2      | Reached skill level 1 in Armour
   804 | D:2      | Reached XP level 3. HP: 18/21 MP: 3/3
  1038 | D:2      | Reached skill level 5 in Ranged Weapons
  1059 | D:2      | Found a faded altar of an unknown god.
  1060 | D:2      | You fall into a shaft and drop 1 floor!
  1061 | D:3      | 1061 ||| PLANNING SEWER
  1121 | D:3      | Slain by a river rat

Levels and vault maps discovered:
D:1:      scummos_arrival_hexagon, layout_basic
D:2:      layout_loops_cross, ebering_ecumenical_altar_webs
D:3:      layout_loops_ring, gup_sewer_entry_bowl, uniq_crazy_yiuf_cottage

Skill      XL: |  1  2  3 |
---------------+----------+-----
Armour         | 1 |  1.1
Ranged Weapons | 5 |  5.1
Fighting       | |  2.3
Dodging        | |  1.5
Stealth        | |  1.1

Action                     || total
---------------------------++-------
   Fire: Shortbow          ||   103
    Use: Scroll            ||     3
 Armour: Leather armour    ||     7
         Ring mail         ||    24
  Dodge: Dodged            ||    19

Table legend:
 A = Non-vault XP
 B = Vault XP
 C = Vault XP percentage of total XP
 D = Non-vault monster count
 E = Vault monster count
 F = Vault count percentage of total count
                 A         B        C        D         E       F
            +---------+---------+-------+---------+---------+-------
      Total |      65 |       4 |   5.8 |      29 |       2 |   6.5
            +---------+---------+-------+---------+---------+-------
        D:1 |      31 |       0 |   0.0 |      22 |       0 |   0.0
        D:2 |      34 |       0 |   0.0 |       7 |       0 |   0.0
        D:3 |       0 |       4 | 100.0 |       0 |       2 | 100.0
            +---------+---------+-------+---------+---------+-------
